 Dungeon Crawl Stone Soup version 0.28-a0-1613-gdaab1c2f9b (webtiles) character file.

Game seed: 17714196515006346430

970 murtidash the Magician (level 8, -1/54 HPs)
             Began as a Djinni Warper on Jan 21, 2022.
             Was an Initiate of Wu Jian.
             Slain by a gnoll (4 damage)
             ... on level 5 of the Dungeon.
             The game lasted 00:11:46 (6151 turns).

murtidash the Magician (Djinni Warper)              Turns: 6151, Time: 00:11:46

Health: -1/54      AC:  3    Str: 16    XL:     8   Next: 38%
Gold:   201        EV: 12    Int: 17    God:    Wu Jian [......] SH:  0 Dex: 13

rFire   + + +      SeeInvis .   a - +2 dagger (venom)
rCold   x . .      Faith    .   (no shield)
rNeg    . . .      Spirit   .   o - +0 leather armour
rPois   ∞          Reflect  .   (no helmet)
rElec   .          Harm     .   (no cloak)
rCorr   .          Rampage  .   (no gloves)
Will    .....                   (boots unavailable)
Stlth   +.........              (no amulet)
HPRegen 0.18/turn               h - ring of protection from fire {rF+, !d}
MPRegen 0.00/turn               l - +6 ring of strength

@: mighty, brilliant, flying
A: sickness immunity, fire resistance 2, cold vulnerability 1, float, innate
caster, hp casting, extra vitality 1
a: Renounce Religion


You were on level 5 of the Dungeon.
You worshipped Wu Jian.
Wu Jian was noncommittal.
You visited 2 branches of the dungeon, and saw 6 of its levels.
You also visited: Sewer.

You collected 201 gold pieces.

Inventory:

Hand Weapons
 a - a +2 dagger of venom (weapon)
   (You took it off a goblin on level 1 of the Dungeon)
 b - a +2 short sword of electrocution
   (You took it off a kobold on level 3 of the Dungeon)
 e - a +0 falchion
Missiles
 d - 5 boomerangs of dispersal {=f}
 g - 15 boomerangs
Armour
 o - a +0 leather armour (worn)
 r - the +0 robe of the Evil One {Str+4}
   (You found it on level 3 of the Dungeon)

   Str:       It affects your strength (+4).
Jewellery
 h - a ring of protection from fire (left hand) {rF+, !d}
   (You found it on level 1 of the Dungeon)
 l - a +6 ring of strength (right hand)
   (You found it on level 2 of the Dungeon)
Wands
 i - a wand of polymorph (7)
   (You found it in a sewer)
 n - a wand of iceblast (3)
   (You found it on level 3 of the Dungeon)
Scrolls
 c - 2 scrolls of blinking {!r}
 f - 5 scrolls of identify {unknown}
 j - 2 scrolls of teleportation {unknown}
 k - a scroll of amnesia {unknown}
 m - a scroll of enchant weapon
 p - a scroll of acquirement {unknown}
 q - a scroll of summoning {unknown}
 s - a scroll of noise {unknown}
 u - a scroll of immolation {unknown}
 v - a scroll of brand weapon {unknown}
 w - a scroll of magic mapping {unknown}
Potions
 t - a potion of brilliance
 x - a potion of might


   Skills:
 - Level 2.0 Fighting
 - Level 0.8(1.9) Short Blades
 + Level 2.6(2.8) Long Blades
 - Level 0.7 Throwing
 - Level 1.0 Armour
 - Level 2.1 Dodging
 * Level 7.1 Spellcasting


You couldn't memorise any spells.
You knew the following spells:

 Your Spells              Type           Power      Damage    Failure   Level
a - Shock                 Conj/Air       100%       1d9       1%          1
b - Blink                 Tloc           90%        N/A       1%          2
c - Call Imp              Summ           45%        N/A       1%          2
s - Swiftness             Air            45%        N/A       2%          3
M - Manifold Assault      Tloc           45%        N/A       21%         5
U - Teleport Other        Tloc           45%        N/A       2%          3
X - Gell's Gravitas       Tloc           45%        N/A       2%          3
Z - Lesser Beckoning      Tloc           45%        N/A       2%          3
Your spell library was empty.

Dungeon Overview and Level Annotations

Branches:
Dungeon (5/15)             Temple (1/1) D:4           Sewer (visited)

Altars:
Ashenzari
Cheibriados
Fedhas
Hepliaklqana
Kikubaaqudgha
Ru
Uskayaw
Vehumet
Wu Jian
Yredelemnul
Zin

Shops:
D:3 =


Innate Abilities, Weirdness & Mutations

You are immune to sickness and miasma.
You are immune to poison.
Your flesh is very heat resistant. (rF++)
You are vulnerable to cold. (rC-)
You float through the air rather than walking.
You learn spells naturally, not from books.
Your magical power is your life essence.
You have superior vitality. (+4 MHP)


Message History

No target in view!
No target in view!
No target in view!
No target in view!
v - a scroll labelled TUIDWOSTR PORIU An orc comes into view.
It is wielding a +0 flail.
The orc shouts!
You see here a scroll labelled DERREODGHOTZ.
You hit the orc.
The orc is poisoned.
The orc barely misses you.
You hit the orc.
You kill the orc!
The Council accepts your kill.
No target in view!
No target in view!
No target in view!
No target in view!
No target in view!
No target in view!
No target in view!
No target in view!
No target in view!
f - 5 scrolls labelled DERREODGHOTZ (gained 1)
An orc comes into view. It is wielding a +0 dagger.
The orc shouts!
The orc barely misses you.
You hit the orc. You hit the orc. The orc barely misses you.
You hit the orc.
You kill the orc!
The Council accepts your kill.
Things that are here:
a +0 dagger; an orc corpse
Found a stone staircase leading up.
Found a stone staircase leading down.
w - a scroll labelled ISUWAT VUET You now have 177 gold pieces (gained 12).
You now have 193 gold pieces (gained 16).
x - 2 bubbling blue potions
j - 2 scrolls labelled SAOSEE XIWAN (gained 1)
You see here a +0 long sword.
You now have 201 gold pieces (gained 8).
You see here a +0 robe.
A gnoll comes into view. It is wielding a +0 flail.
The gnoll shouts!
You hear a shout! x3
The gnoll moves out of view.
A gnoll shaman comes into view. It is wielding a +0 whip.
A gnoll comes into view. It is wielding a +0 whip.
A gnoll comes into view. It is wielding a +0 spear.
A gnoll comes into view. It is wielding a +0 spear.
A gnoll comes into view. It is wielding a +0 flail.
The gnoll shaman calls upon its god to speed up the gnoll.
The gnoll seems to speed up.
The gnoll moves out of view. x2
You hear a shout! x2
You hit the gnoll.
The gnoll is poisoned.
The gnoll completely misses you.
You hit the gnoll.
The gnoll looks as sick as possible!
The gnoll hits you with a +0 whip.
The gnoll shaman calls upon its god to speed up the gnoll.
The gnoll seems to speed up.
You take 6 damage, and have 48/54 hp.
You barely miss the gnoll.
You kill the gnoll!
The Council accepts your kill.
You barely miss the gnoll shaman.
The gnoll shaman hits you with a +0 whip!
You take 10 damage, and have 38/54 hp.
You hit the gnoll shaman but do no damage.
The gnoll shaman is poisoned.
The gnoll shaman closely misses you.
You closely miss the gnoll shaman. The gnoll shaman completely misses you.
You hit the gnoll shaman but do no damage.
The gnoll shaman looks as sick as possible!
The gnoll shaman hits you but does no damage.
You closely miss the gnoll shaman. The gnoll shaman barely misses you.
You hit the gnoll shaman but do no damage.
The gnoll shaman looks as sick as possible!
The gnoll shaman hits you with a +0 whip!
You take 8 damage, and have 31/54 hp.
You closely miss the gnoll shaman.
You kill the gnoll shaman!
The Council accepts your kill.
You barely miss the gnoll. The gnoll hits you with a +0 flail!
You take 13 damage, and have 19/54 hp.
MASSIVE DAMAGE!!
You hit the gnoll.
The gnoll is poisoned.
The gnoll hits you with a +0 flail.
* * * LOW HITPOINT WARNING * * *
The gnoll hits you but does no damage.
You take 3 damage, and have 16/54 hp.
The gnoll barely misses you. The gnoll hits you with a +0 flail!
* * * LOW HITPOINT WARNING * * *
You take 11 damage, and have 6/54 hp.
MASSIVE DAMAGE!!
It was a potion of might.
You feel very mighty all of a sudden. The gnoll hits you with a +0 flail.
* * * LOW HITPOINT WARNING * * *
The gnoll closely misses you.
You take 3 damage, and have 3/54 hp.
It was a potion of brilliance.
You feel clever all of a sudden. The gnoll closely misses you.
The gnoll hits you from afar with a +0 spear.
You die...

##.....###...≈.#.....###.....#
#..#.### #..≈≈...##.####....^#
#.##..####..♣≈≈..#...........##
#####....#..≈≈P...............##
####.#...P..#..............#
#...###..#.....<....[...#
###.###..#....(..........
#......................
#######..##g@#...............
........g.g..##..............
#######g###..............(...
#.# #.############..... #g# #.#
#....... #g# #.# #.##...> #.#
#.# #....... #g# #.# #..#....
#)# #.##########.......


You could see 4 gnolls.

Vanquished Creatures
  Eustachio (D:5)
  A black bear (D:4)
  An ogre (D:4)
  2 bullfrogs (Sewer)
  A gnoll sergeant (D:4)
  A scorpion (D:4)
  A wyvern skeleton (D:4)
  A hound (D:4)
  A gnoll shaman (D:5)
  An orc wizard (D:3)
  8 gnolls
  2 adders
  A shadow imp (D:5)
  An ufetubus (D:4)
  An adder skeleton (D:4)
  8 worms
  11 orcs
  6 ball pythons
  9 endoplasms
  13 giant cockroaches
  13 goblins
  9 hobgoblins
  A jackal (D:1)
  4 kobolds
  6 quokkas
  8 bats
  13 frilled lizards
  6 rats
131 creatures vanquished.

Notes
Turn   | Place    | Note
-------+----------+-------------------------------------------
     0 | D:1      | murtidash the Djinni Warper began the quest for the Orb.
     0 | D:1      | Reached XP level 1. HP: 18/18 MP: 0/0
   329 | D:1      | Reached XP level 2. HP: 16/23 MP: 0/0
   792 | D:1      | Found a faded altar of an unknown god.
   852 | D:1      | Reached XP level 3. HP: 20/28 MP: 0/0
   852 | D:1      | Learned a level 1 spell: Shock
   854 | D:1      | Reached skill level 3 in Spellcasting
  1694 | D:2      | Reached XP level 4. HP: 29/33 MP: 0/0
  2359 | D:2      | Reached XP level 5. HP: 36/38 MP: 0/0
  2359 | D:2      | Learned a level 2 spell: Call Imp
  2483 | D:3      | Reached skill level 4 in Spellcasting
  2770 | D:3      | Found Ufiufrik's Jewellery Boutique.
  3138 | D:3      | Found a glowing drain.
  3166 | Sewer    | Entered a sewer
  3487 | Sewer    | Noticed a bullfrog
  3489 | Sewer    | Noticed a bullfrog
  3501 | Sewer    | HP: 3/38 [bullfrog (6)]
  3503 | Sewer    | HP: 1/38 [bullfrog (6)]
  3506 | Sewer    | Killed a bullfrog
  3507 | Sewer    | Reached skill level 5 in Spellcasting
  3507 | Sewer    | Reached XP level 6. HP: 1/43 MP: 0/0
  4214 | D:3      | Identified the +0 robe of the Evil One {Str+4}
  4393 | D:4      | Noticed a black bear
  4407 | D:4      | Killed a black bear
  4408 | D:4      | Reached XP level 7. HP: 30/49 MP: 0/0
  4408 | D:4      | Learned a level 3 spell: Swiftness
  4611 | D:4      | Reached skill level 6 in Spellcasting
  5005 | D:4      | Reached XP level 8. HP: 53/54 MP: 0/0
  5038 | D:4      | Found a staircase to the Ecumenical Temple.
  5045 | Temple   | Entered the Ecumenical Temple
  5068 | Temple   | Became a worshipper of the Wu Jian Council
  5514 | D:5      | Entered Level 5 of the Dungeon
  5514 | D:5      | Noticed Eustachio
  5612 | D:5      | Killed Eustachio
  5613 | D:5      | Reached skill level 2 in Long Blades
  5613 | D:5      | Reached skill level 7 in Spellcasting
  5663 | D:4      | HP: 10/54 [hound (5)]
  6148 | D:5      | HP: 6/54 [gnoll (11)]
  6151 | D:5      | Slain by a gnoll

Illustrated notes

Levels and vault maps discovered:
D:1:      minmay_arrival_widening_spiral_wide, layout_basic,
          basic_ecumenical_altar, st_stairs_10, glass_columns_b, minmay_cupped
D:2:      cheibrodos_old_hovel, layout_loops_ring, hangedman_decor_peaks_small,
          minmay_pentomino_q2
D:3:      layout_loops_cross, serial_shops, nicolae_shop_crystal,
          cheibrodos_sewer_entry_bend
D:4:      layout_loops_ring, minmay_temple_entry_junction_2, nicolae_wormholes
D:5:      layout_rooms, serial_bayou_pond_e, uniq_eustachio
Temple:   nicolae_temple_the_god_donut

Skill      XL: |  1  2  3  4  5  6  7  8 |
---------------+-------------------------+-----
Spellcasting   | 3 5 6 7 |  7.1
Long Blades    | 2 |  2.6
Fighting       | |  2.0
Short Blades   | |  0.8
Throwing       | |  0.7
Armour         | |  1.0
Dodging        | |  2.1

Action                   |  1- 3 |  4- 6 |  7- 9 || total
-------------------------+-------+-------+-------++-------
Melee: Falchion          |     9 |       |       ||     9
       Dagger            |    57 |   108 |    59 ||   224
       Punch             |     1 |     3 |     1 ||     5
       Short sword       |       |       |     1 ||     1
 Cast: Shock             |    37 |    64 |    52 ||   153
Invok: Lunge             |       |       |     3 ||     3
Evoke: Wand              |       |     5 |       ||     5
  Use: Scroll            |       |     2 |       ||     2
       Potion            |       |     1 |     2 ||     3
Armor: Leather armour    |    16 |    33 |    10 ||    59
Dodge: Dodged            |    36 |    64 |    50 ||   150

Table legend: (Time is in decaauts)
 A = Elapsed time spent in this place.
 B = Non-inter-level travel time spent in this place.
 C = Inter-level travel time spent in this place.
 D = Time resting spent in this place.
 E = Time spent auto-exploring this place.
 F = Levels seen in this place.
 G = Mean time per level.
                   A        B        C        D        E       F      G
               +--------+--------+--------+--------+--------+-----+--------+
         Total |   6137 |   5913 |    224 |    434 |   4405 |   7 |  876.7 |
       Dungeon |   5331 |   5118 |    213 |     26 |   4215 |   5 | 1066.2 |
        Temple |     35 |     24 |     11 |      0 |     11 |   1 |   35.0 |
         Sewer |    770 |    770 |      0 |    408 |    179 |   1 |  770.0 |
               +--------+--------+--------+--------+--------+-----+--------+

Top non-repeatable levels by time:
     D:4: 1545 daAuts
     D:1: 1254 daAuts
     D:2: 1222 daAuts
     D:3: 987 daAuts
   Sewer: 770 daAuts
     D:5: 321 daAuts
  Temple: 35 daAuts

Table legend:
 A = Kills in this place as a percentage of kills in entire the game.
 B = Kills by you in this place as a percentage of kills by you in the entire game.
 C = Kills by friends in this place as a percentage of kills by friends in the entire game.
 D = Other kills in this place as a percentage of other kills in the entire game.
 E = Experience gained in this place as a percentage of experience gained in the entire game.
 F = Experience gained in this place divided by the number of levels of this place that you have seen.
                   A       B       C       D       E      F
               +-------+-------+-------+-------+-------+----------------------
         Total | 100.0 | 100.0 |   N/A |   N/A | 100.0 | 198.1
       Dungeon |  76.3 |  76.3 |   N/A |   N/A |  83.3 | 231.2
         Sewer |  23.7 |  23.7 |   N/A |   N/A |  16.7 | 231.0
               +-------+-------+-------+-------+-------+----------------------
